 Dungeon Crawl Stone Soup version 0.28.0-53-g5a82cb258f (webtiles) character file.

Game seed: 18410773593648826264

34 Sin92 the Skirmisher (level 3, -2/29 HPs)
             Began as a Demonspawn Fighter on Aug 5, 2022.
             Slain by Terence
             ... wielding a +0 trident
              (4 damage)
             ... on level 2 of the Dungeon.
             The game lasted 00:01:07 (1282 turns).

Sin92 the Skirmisher (Demonspawn Fighter)           Turns: 1282, Time: 00:01:08

Health: -2/29      AC:  6    Str: 16    XL:     3   Next: 14%
Magic:  3/3        EV:  9    Int:  9    God:
Gold:   72         SH:  5    Dex: 14    Spells: 2/2 levels left

rFire   . . .      SeeInvis .   a - +0 long sword
rCold   . . .      Faith    .   c - +0 buckler
rNeg    . . .      Spirit   .   b - +0 scale mail
rPois   .          Reflect  .   (helmet restricted)
rElec   .          Harm     .   (no cloak)
rCorr   .          Rampage  .   (no gloves)
Will    +....                   (no boots)
Stlth   ..........              (no amulet)
HPRegen 0.09/turn               e - ring of willpower
MPRegen 0.08/turn               (no ring)

@: mighty
A: antennae 1
a: no special abilities


You were on level 2 of the Dungeon.
You visited 1 branch of the dungeon, and saw 2 of its levels.

You collected 72 gold pieces.

Inventory:

Hand Weapons
 a - a +0 long sword (weapon)
Armour
 b - a +0 scale mail (worn)
 c - a +0 buckler (worn)
Jewellery
 e - a ring of willpower (left hand)
Scrolls
 g - a scroll of fog {unknown}
 k - a scroll of blinking
Potions
 f - 4 potions of heal wounds {unknown}
 h - a potion of lignification {unknown}
 j - 2 potions of curing {unknown}


   Skills:
 + Level 3.3 Fighting
 + Level 2.1 Long Blades
 + Level 2.9 Armour
 + Level 0.9 Dodging
 + Level 3.0 Shields


You had 2 spell levels left.
You didn't know any spells.
Your spell library was empty.

Dungeon Overview and Level Annotations

Branches:
Dungeon (2/15)

Altars:

Annotations:
D:2 Terence


Innate Abilities, Weirdness & Mutations

You have a pair of small antennae on your head.


Message History

You are too injured to fight recklessly!
There are monsters nearby!
Unknown command.
You are too injured to fight recklessly!
There are monsters nearby!
Unknown command.
You are too injured to fight recklessly!
There are monsters nearby!
Unknown command.
You are too injured to fight recklessly!
Unknown command.
There are monsters nearby!
You are too injured to fight recklessly!
You see here 23 stones.
The adder bites you but does no damage.
You feel very mighty all of a sudden. The adder bites you but does no damage.
You slash the adder!
You kill the adder!
Your Shields skill increases to level 3!
You have reached level 3!
Your experience leads to an increase in your attributes!
Increase (S)trength, (I)ntelligence, or (D)exterity?
You feel agile. x2
You slash the rat!
You kill the rat!
Terence closely misses you.
You slash Terence!
Terence is moderately wounded.
Terence hits you with a +0 trident.
* * * LOW HITPOINT WARNING * * *
Terence barely misses you.
You closely miss Terence.
Terence is moderately wounded.
Terence hits you with a +0 trident.
* * * LOW HITPOINT WARNING * * *
You closely miss Terence.
Terence is moderately wounded.
Terence hits you with a +0 trident.
You die...

#.#
#.##...........#
#.#
#.##.###########
#.#####.##.##......
#>...............#
#...........######
##.####.##.## #.#
#.##.# #.# #.##.# .
#.# #.##@# . #.##
#.# ##.##@# #..
#.#. #.#
#.....####.... #.#.
#.# #....(#.......
... #.#
#.P...'......# ..
#.# #...8.#....###
#. #.# ##.#..######
#######. #.#
#..........
#....... #.#
###..##..##
#.#####.


You could see Terence.

Vanquished Creatures
  An adder (D:2)
  2 adder skeletons (D:2)
  2 endoplasms (D:2)
  A giant cockroach (D:1)
  A hobgoblin (D:1)
  2 jackals (D:1)
  A quokka (D:1)
  A ball python (D:2)
  2 ball python skeletons (D:2)
  2 bats
  A frilled lizard (D:2)
  2 kobolds (D:1)
  A quokka zombie (D:2)
  3 rats
22 creatures vanquished.

Notes
Turn   | Place    | Note
-------+----------+-------------------------------------------
     0 | D:1      | Sin92 the Demonspawn Fighter began the quest for the Orb.
     0 | D:1      | Reached XP level 1. HP: 18/18 MP: 1/1
   472 | D:1      | Gained mutation: You have a pair of small antennae on your
                  | head. [demonic ancestry]
   472 | D:1      | Reached XP level 2. HP: 24/24 MP: 2/2
  1171 | D:2      | Found a faded altar of an unknown god.
  1262 | D:2      | Noticed Terence
  1278 | D:2      | Reached XP level 3. HP: 11/29 MP: 3/3
  1282 | D:2      | Slain by Terence

Illustrated notes

Levels and vault maps discovered:
D:1:      roderic_dead_forest, layout_rooms, kennysheep_minor_cross,
          st_stairs_10
D:2:      layout_loops_ring, serial_undead, serial_undead_b, serial_undead_e,
          serial_undead_a, serial_undead_d, hellmonk_ecumenical_altar_zigzags,
          lightli_corner_chamber, uniq_terence

Skill      XL: |  1  2 |
---------------+-------+-----
Long Blades    | 2 |  2.1
Shields        | 3 |  3.0
Fighting       | |  3.3
Armour         | |  2.9
Dodging        | |  0.9

Action                   || total
-------------------------++-------
Melee: Long sword        ||    76
  Use: Scroll            ||     4
       Potion            ||     1
Armor: Scale mail        ||    42
Dodge: Dodged            ||    39
Block: Buckler           ||    24
